 Dungeon Crawl Stone Soup version 0.27-a0-1186-g8b4daa1eef (webtiles) character file.

Game seed: 5224768338650906793

1502 siradein the Cleaver (level 8, -3/64 HPs)
             Began as a Hill Orc Fighter on May 20, 2021.
             Was an Initiate of Nemelex Xobeh.
             Slain by an orc warrior
             ... wielding a +0 scimitar
              (18 damage)
             ... in the Ecumenical Temple.
             The game lasted 00:13:41 (5930 turns).

siradein the Cleaver (Hill Orc Fighter)             Turns: 5930, Time: 00:13:41

Health: -3/64      AC:  8    Str: 21    XL:     8   Next: 82%
Magic:  8/8        EV: 11    Int:  8    God:    Nemelex Xobeh [......]
Gold:   206        SH: 10    Dex: 16    Spells: 7/7 levels left

rFire    + . .     SeeInvis .   y - +2 hand axe (flame)
rCold    + . .     Faith    .   c - +0 kite shield
rNeg     . . .     Spirit   .   b - +0 scale mail
rPois    .         Reflect  .   v - +0 helmet
rElec    .         Harm     .   w - scarf {rC+ rF+}
rCorr    .         Rampage  .   (no gloves)
Will     .....                  (no boots)
Stlth    ..........             h - amulet of magic regeneration
HPRegen  0.20/turn              g - +6 ring of dexterity
MPRegen  0.36/turn              o - +4 ring of evasion

@: no status effects
A: no striking features
a: Renounce Religion, Draw Escape, Draw Destruction, Draw Summoning


You were in the Ecumenical Temple.
You worshipped Nemelex Xobeh.
Nemelex Xobeh was noncommittal.
You visited 2 branches of the dungeon, and saw 7 of its levels.

You collected 206 gold pieces.

Inventory:

Hand Weapons
 a - a +0 war axe
 y - a +2 hand axe of flaming (weapon)
Missiles
 C - 15 poisoned darts (quivered)
Armour
 b - a +0 scale mail (worn)
 c - a +0 kite shield (worn)
 v - a +0 helmet (worn)
 w - a scarf of resistance (worn)
Jewellery
 g - a +6 ring of dexterity (left hand)
 h - an amulet of magic regeneration (around neck)
 n - a +6 ring of dexterity
 o - a +4 ring of evasion (right hand)
 A - a ring of flight
 D - a ring of fire
Scrolls
 f - 6 scrolls of teleportation
 i - a scroll of enchant armour {unknown}
 k - 2 scrolls of fear {unknown}
 m - a scroll of fog {unknown}
 q - a scroll of noise {unknown}
 t - a scroll of identify {unknown}
 u - a scroll of silence {unknown}
 B - a scroll of vulnerability {unknown}
Potions
 d - 2 potions of might
 e - 7 potions of curing {unknown}
 j - 3 potions of attraction {unknown}
 l - 2 potions of mutation {unknown}
 p - 2 potions of degeneration {unknown}
 r - 3 potions of lignification {unknown}
 s - a potion of experience {unknown}
 x - a potion of brilliance {unknown}
 z - a potion of haste {unknown}
 E - a potion of resistance {unknown}


   Skills:
 - Level 3.6 Fighting
 + Level 13.5 Axes
 - Level 3.2 Armour
 - Level 3.2 Shields


You had 7 spell levels left.
You didn't know any spells.
Your spell library contained the following spells:

 Spells                   Type           Power      Damage    Failure   Level
 Animate Skeleton         Necr           0%         N/A       99%         1
 Pain                     Necr           0%         1d4       99%         1
 Vampiric Draining        Necr           0%         2d6       100%        3
 Animate Dead             Necr           0%         N/A       100%        4
 Agony                    Necr           0%         N/A       100%        5
 Bolt of Magma            Conj/Fire/Erth 0%         4d4       100%        5
 Iskenderun's Battlesphe  Conj           0%         2d6       100%        5
 Iron Shot                Conj/Erth      0%         9d1       100%        6
 Orb of Destruction       Conj           0%         N/A       100%        7
 Spellforged Servitor     Conj/Summ      0%         N/A       100%        7


Dungeon Overview and Level Annotations

Branches:
Dungeon (6/15)             Temple (1/1) D:6

Altars:
Elyvilon
Fedhas
Gozag
Kikubaaqudgha
Nemelex Xobeh
Okawaru
Qazlal
Sif Muna
Trog
Uskayaw
Wu Jian
Yredelemnul
Zin
The Shining One

Annotations:
D:6 3 runed translucent doors, Grinder; robertstho's ghost, novice DjFE


Message History

You hit the orc warrior but do no damage.
The orc warrior is lightly wounded.
The orc warrior hits you but does no damage.
You hit the orc warrior but do no damage.
The orc warrior is lightly wounded.
The orc warrior hits you with a +0 scimitar!
Grinder blinks!
You hit the orc warrior. You burn the orc warrior.
The orc warrior is lightly wounded.
The orc warrior closely misses you.
You closely miss the orc warrior.
The orc warrior is lightly wounded.
The orc warrior hits you with a +0 scimitar!
There is a staircase to the Ecumenical Temple here.
The orc warrior hits you but does no damage.
You climb downwards.
Welcome back to the Ecumenical Temple!
There is a staircase back to the Dungeon here.
You closely miss the orc warrior.
The orc warrior is lightly wounded.
The orc warrior closely misses you.
You hit the orc warrior but do no damage.
The orc warrior is lightly wounded.
The orc warrior hits you with a +0 scimitar!
You hit the orc warrior. You burn the orc warrior.
The orc warrior is moderately wounded.
You hit the orc warrior. You burn the orc warrior.
The orc warrior is heavily wounded.
You block the orc warrior's attack.
You hit the orc warrior. You burn the orc warrior.
The orc warrior is heavily wounded.
You block the orc warrior's attack.
You barely miss the orc warrior.
The orc warrior is heavily wounded.
The orc warrior hits you with a +0 scimitar!!
* * * LOW HITPOINT WARNING * * *
You hit the orc warrior. You burn the orc warrior.
The orc warrior is heavily wounded.
The orc warrior hits you with a +0 scimitar!!
You die...
Your body disappears without a glow.

≈≈≈≈≈≈≈≈≈≈≈≈≈≈≈≈≈≈≈≈≈≈≈≈≈≈≈≈≈≈≈≈≈
≈≈≈≈≈≈≈≈≈≈≈≈≈≈≈≈≈≈≈≈≈≈≈≈≈≈≈≈≈≈≈≈≈
≈≈≈≈≈≈≈≈≈≈≈≈≈≈≈≈≈≈≈≈≈≈≈≈≈≈≈≈≈≈≈≈≈
≈≈≈≈≈≈≈≈≈≈≈≈≈≈≈≈≈≈≈≈≈≈≈≈≈≈≈≈≈≈≈≈≈
≈≈≈≈≈≈≈≈≈≈≈≈≈≈≈≈≈≈≈≈≈≈≈≈≈≈≈≈≈≈≈≈≈
≈≈≈≈≈≈≈≈≈≈≈≈≈≈≈≈≈≈≈≈≈≈≈≈≈≈≈≈≈≈≈≈≈
≈≈≈≈≈≈≈≈.................≈≈≈≈≈≈≈≈
≈≈≈≈≈≈≈...................≈≈≈≈≈≈≈
≈≈≈≈≈≈≈...⌠.....@.....⌠...≈≈≈≈≈≈≈
≈≈≈≈≈≈≈.........o.........≈≈≈≈≈≈≈
≈≈≈≈≈≈≈≈.................≈≈≈≈≈≈≈≈
≈≈≈≈≈≈≈≈≈≈≈≈≈≈.....≈≈≈≈≈≈≈≈≈≈≈≈≈≈
≈≈≈≈≈≈≈≈≈≈≈≈≈≈≈...≈≈≈≈≈≈≈≈≈≈≈≈≈≈≈
≈≈≈≈≈≈≈≈≈≈≈≈≈≈≈...≈≈≈≈≈≈≈≈≈≈≈≈≈≈≈
≈≈≈≈≈≈≈≈≈...≈≈≈...≈≈≈...≈≈≈≈≈≈≈≈≈
≈≈≈≈≈≈≈≈.≈≈≈.≈≈...≈≈.≈≈≈.≈≈≈≈≈≈≈≈
≈≈≈≈≈≈≈.≈≈#≈≈...≈...≈≈#≈≈.≈≈≈≈≈≈≈


You could see an orc warrior.

Vanquished Creatures
  3 black bears
  2 ice beasts
  A sky beast (D:6)
  A necrophage (D:6)
  2 phantoms
  A bullfrog (D:6)
  2 scorpions (D:5)
  A wyvern skeleton (D:5)
  A howler monkey (D:5)
  A jelly (D:5)
  A centaur skeleton (D:6)
  2 centaur zombies
  An orc priest (D:5)
  2 iguanas (D:5)
  An orc wizard (D:5)
  Terence (D:3)
  A hound skeleton (D:5)
  7 adders
  A white imp (D:6)
  An adder skeleton (D:4)
  3 worms (D:4)
  2 dart slugs
  21 orcs
  7 ball pythons
  6 bats
  2 endoplasms
  A giant cockroach (D:4)
  4 goblins
  6 hobgoblins
  3 jackals (D:3)
  7 kobolds
  A quokka (D:1)
  5 frilled lizards
  7 rats
108 creatures vanquished.

Notes
Turn   | Place    | Note
-------+----------+-------------------------------------------
     0 | D:1      | siradein the Hill Orc Fighter began the quest for the Orb.
     0 | D:1      | Reached XP level 1. HP: 19/19 MP: 1/1
    65 | D:1      | Reached skill level 3 in Axes
   404 | D:1      | Reached XP level 2. HP: 26/26 MP: 2/2
   532 | D:1      | Reached skill level 4 in Axes
   927 | D:1      | Found a faded altar of an unknown god.
   972 | D:2      | Reached XP level 3. HP: 31/31 MP: 3/3
  1023 | D:2      | Reached skill level 5 in Axes
  1533 | D:3      | Reached XP level 4. HP: 33/39 MP: 4/4
  1744 | D:3      | Reached skill level 6 in Axes
  1860 | D:3      | Noticed Terence
  1872 | D:3      | Killed Terence
  1873 | D:3      | Reached XP level 5. HP: 32/45 MP: 5/5
  2489 | D:4      | Noticed a phantom
  2508 | D:4      | Killed a phantom
  2509 | D:4      | Reached skill level 7 in Axes
  2782 | D:4      | Reached skill level 8 in Axes
  2782 | D:4      | Reached XP level 6. HP: 51/51 MP: 6/6
  2822 | D:4      | Noticed an ice beast
  2829 | D:4      | Killed an ice beast
  3821 | D:5      | Entered Level 5 of the Dungeon
  3834 | D:5      | Reached skill level 9 in Axes
  3851 | D:5      | Noticed a black bear
  3862 | D:5      | Killed a black bear
  3863 | D:5      | Reached skill level 10 in Axes
  3863 | D:5      | Reached XP level 7. HP: 28/57 MP: 7/7
  4333 | D:5      | Reached skill level 11 in Axes
  4415 | D:5      | Reached XP level 8. HP: 26/64 MP: 8/8
  4664 | D:5      | Found a shimmering blue altar of Sif Muna.
  4664 | D:5      | Found an ornate altar of the Wu Jian Council.
  4955 | D:5      | Reached skill level 12 in Axes
  5252 | D:6      | Found a runed translucent gate.
  5252 | D:6      | Found a runed translucent gate.
  5252 | D:6      | Found a runed translucent gate.
  5252 | D:6      | Noticed robertstho's ghost (novice DjFE)
  5432 | D:6      | Reached skill level 13 in Axes
  5546 | D:6      | Found a staircase to the Ecumenical Temple.
  5562 | Temple   | Entered the Ecumenical Temple
  5784 | Temple   | Became a worshipper of Nemelex Xobeh the Trickster
  5895 | D:6      | Noticed Grinder
  5930 | Temple   | Slain by an orc warrior

Illustrated notes

Levels and vault maps discovered:
D:1:      dpeg_arrival_triangle_fractal, layout_rooms,
          shapermc_ecumenical_altar_mp_vishouse, hex_large, minivault_23,
          minmay_misc_feat_secret_circle, minivault_26
D:2:      minmay_spotlight, layout_rooms
D:3:      layout_loops_cross, uniq_terence
D:4:      layout_layer_cave
D:5:      layout_basic, gammafunk_temple_overflow_wave
D:6:      layout_basic, general_overflow_altar, minmay_temple_entry_tees,
          ebering_ghost_rock_garden, uniq_grinder
Temple:   minmay_temple_bridge_abc

Skill      XL: |  1  2  3  4  5  6  7  8 |
---------------+-------------------------+-----
Axes           | 3 4 5 6 8 10 11 13 | 13.5
Fighting       | |  3.6
Armour         | |  3.2
Shields        | |  3.2

Action                   |  1- 3 |  4- 6 |  7- 9 || total
-------------------------+-------+-------+-------++-------
Melee: War axe           |   110 |   152 |    45 ||   307
       Hand axe          |       |       |    92 ||    92
  Use: Scroll            |     1 |       |       ||     1
Armor: Scale mail        |    51 |    48 |    32 ||   131
Dodge: Dodged            |    29 |    58 |    45 ||   132
Block: Kite shield       |    73 |    83 |    56 ||   212

Table legend: (Time is in decaauts)
 A = Elapsed time spent in this place.
 B = Non-inter-level travel time spent in this place.
 C = Inter-level travel time spent in this place.
 D = Time resting spent in this place.
 E = Time spent auto-exploring this place.
 F = Levels seen in this place.
 G = Mean time per level.
                   A        B        C        D        E       F      G
               +--------+--------+--------+--------+--------+-----+--------+
         Total |   6042 |   5908 |    134 |    457 |   4483 |   7 |  863.1 |
       Dungeon |   5766 |   5632 |    134 |    457 |   4263 |   6 |  961.0 |
        Temple |    276 |    276 |      0 |      0 |    220 |   1 |  276.0 |
               +--------+--------+--------+--------+--------+-----+--------+

Top non-repeatable levels by time:
     D:5: 1415 daAuts
     D:4: 1387 daAuts
     D:3: 1017 daAuts
     D:1: 1000 daAuts
     D:2: 525 daAuts
     D:6: 420 daAuts
  Temple: 276 daAuts
